AoeStats
← Mackruger

Acropolis

503169241Analyzed
1v1 RM · 1mo ago on Aug 30, 2026· 41m 20s· 2 players
Game mode
Random Map
Map size
Tiny (2 player)
Population
200
Speed
Normal
Resources
Standard
Victory
Conquest
Starting age
Dark Age
Ending age
Imperial Age
RankedLock teamsTeams togetherTeam positionsShared explorationLock speedFull tech treeHidden civsTurbo modeCheats
Victory
Defeat
🇳🇱 Teutons · Netherlands
830
+15
🇫🇷 Hindustanis · France
808
-15
Mackruger
3:28 Loom
11:02 Feudal Age
19:05 Castle Age
17:39 Bloodlines
18:54 Horse Collar
19:26 Scale Barding Armor
20:54 Wheelbarrow
25:27 Padded Archer Armor
25:44 Forging
26:04 Gold Mining
27:41 Squires
27:27 Arson
31:14 Heavy Plow
31:08 Fletching
31:18 Double-Bit Axe
32:55 Grand Trunk Road
32:59 Scale Mail Armor
33:10 Stone Mining
33:53 Husbandry
37:09 Chain Barding Armor
Lunakik
11:31 Feudal Age
13:58 Double-Bit Axe
16:06 Horse Collar
19:10 Castle Age
19:13 Fletching
19:24 Gold Mining
21:26 Scale Barding Armor
25:18 Chain Barding Armor
26:06 Bloodlines
35:38 Pikeman
36:18 Bodkin Arrow
37:09 Squires
Connection lost

Rejoining the realm…

Still unreachable

The connection could not be restored.

Session expired

The server has moved on; the page needs a fresh start.